 Dungeon Crawl Stone Soup version 0.20.1-1-g8b1a95d (webtiles) character file.

210 homeworkjunkie the Chopper (level 5, -4/47 HPs)
             Began as a Hill Orc Fighter on Nov 16, 2017.
             Slain by an orc warrior
             ... wielding a +0 battleaxe
              (15 damage)
             ... on level 3 of the Dungeon.
             The game lasted 00:02:46 (1162 turns).

homeworkjunkie the Chopper (Hill Orc Fighter)       Turns: 1162, Time: 00:02:47

Health: -4/47      AC:  7    Str: 22 (23) XL:     5   Next: 88%
Magic:  5/5        EV:  7    Int:  7 (8)  God:
Gold:   70         SH:  0    Dex:  9 (10) Spells: 4/4 levels left

rFire    . . .     SeeInvis .   a - +0 war axe
rCold    . . .     Gourm    .   c - +0 shield
rNeg     . . .     Faith    .   b - +0 scale mail
rPois    .         Spirit   .   (no helmet)
rElec    .         Reflect  .   (no cloak)
rCorr    .         Harm     .   (no gloves)
MR       .....                  (no boots)
Stlth    ..........             (no amulet)
Regen    0.2/turn               h - +3 ring of strength
MPRegen  0.1/turn               (no ring)

@: confused, lethally poisoned (-4 -> -6)
A: no striking features
a: no special abilities


You were on level 3 of the Dungeon.
You were not hungry.

You visited 1 branch of the dungeon, and saw 5 of its levels.

You collected 70 gold pieces.

Inventory:

Hand Weapons
 a - a +0 war axe (weapon)
Armour
 b - a +0 scale mail (worn)
 c - a +0 shield (worn)
Jewellery
 d - an uncursed amulet of rage {unknown}
 f - a +2 ring of dexterity {unknown}
 h - a +3 ring of strength (left hand)
Scrolls
 g - 2 scrolls of identify
 i - 2 scrolls of magic mapping {unknown}


   Skills:
 * Level 4.8 Fighting
 * Level 5.4 Axes
 * Level 3.8 Armour
 + Level 0.4 Dodging
 * Level 4.2 Shields


You had 4 spell levels left.
You didn't know any spells.

Dungeon Overview and Level Annotations

Branches:
Dungeon (5/15)
 Temple: D:4-7

Altars:


Message History

You miss the adder. You miss the orc warrior.
The adder bites you but does no damage.
The orc warrior hits you but does no damage.
The adder bites you.
* * * LOW HITPOINT WARNING * * *
Unknown command.
You closely miss the adder. You barely miss the orc warrior.
You feel sick. The orc warrior barely misses you. The adder bites you.
* * * LOW HITPOINT WARNING * * *
The adder bites you but does no damage.
You closely miss the orc warrior.
Your shield and scale mail prevent you from hitting the adder.
You feel sick. The adder bites you but does no damage.
The orc warrior hits you with a battleaxe!
* * * LOW HITPOINT WARNING * * *
The adder bites you but does no damage.
You closely miss the orc warrior.
Your shield and scale mail prevent you from hitting the adder.
The orc warrior hits you with a battleaxe!
You die...

# #.#.######.##..... ..
#.#.##.).......... ...
#...##............ ..
#...##............
#.##...##............ #.
#...................[ #.
# #>................ #.
#. #oS..###...#.###..
###.##.#####@...###...#.#
#.. ................... #
#.. #..###.###.....##.
#.. #####..###.###.....#
##..
#....................
..(..
######.###.####....##.
###.# #.# #.####.#..# #.#
#.# #........... # # #.#
#....... ... #


You could see an orc warrior and an adder.

Vanquished Creatures
  A centaur (D:5)
  A bullfrog (D:4)
  3 adders
  3 leopard geckos
  3 orcs
  5 giant cockroaches
  5 goblins
  3 hobgoblins
  2 jackals (D:3)
  2 bats
  2 frilled lizards
  5 kobolds
  3 rats
38 creatures vanquished.

Notes
Turn   | Place    | Note
-------+----------+-------------------------------------------
     0 | D:1      | homeworkjunkie the Hill Orc Fighter began the quest for the Orb.
     0 | D:1      | Reached XP level 1. HP: 19/19 MP: 1/1
   208 | D:2      | Reached XP level 2. HP: 25/27 MP: 2/2
   226 | D:2      | Reached skill level 3 in Axes
   371 | D:3      | Reached XP level 3. HP: 26/33 MP: 3/3
   428 | D:5      | Entered Level 5 of the Dungeon
   434 | D:5      | Noticed a centaur
   442 | D:5      | Killed a centaur
   442 | D:5      | Reached skill level 4 in Axes
   442 | D:5      | Reached XP level 4. HP: 7/41 MP: 4/4
   442 | D:5      | Reached XP level 5. HP: 8/47 MP: 5/5
   763 | D:4      | Reached skill level 5 in Axes
  1147 | D:4      | Noticed an orc warrior
  1162 | D:3      | Slain by an orc warrior

Skill      XL: |  1  2  3  4  5 |
---------------+----------------+-----
Axes           | 3 4 5 |  5.4
Fighting       | 4 |  4.8
Shields        | 4 |  4.2
Armour         | |  3.8
Dodging        | |  0.4

Action                   |  1- 3 |  4- 6 || total
-------------------------+-------+-------++-------
Melee: War axe           |    71 |    55 ||   126
  Use: Scroll            |     1 |     2 ||     3
       Potion            |     1 |     3 ||     4
 Stab: Distracted        |       |     1 ||     1
  Eat: Bread ration      |       |     1 ||     1
Armor: Scale mail        |    32 |    19 ||    51
Dodge: Dodged            |    24 |    14 ||    38
Block: Shield            |    46 |    33 ||    79
